 Dungeon Crawl Stone Soup version 0.20.1-1-g8b1a95d (webtiles) character file.

618 vineage the Slasher (level 7, -2/52 HPs)
             Began as a Demonspawn Berserker on Nov 2, 2017.
             Was a Priest of Trog.
             Slain by an adder (3 damage)
             ... in a sewer.
             The game lasted 00:07:10 (4448 turns).

vineage the Slasher (Demonspawn Berserker)          Turns: 4448, Time: 00:07:12

Health: -2/52      AC:  2    Str: 20    XL:     7   Next: 21%
Magic:  7/7        EV: 12    Int:  8    God:    Trog [***...]
Gold:   57         SH:  4    Dex: 12    Spells: 6/6 levels left

rFire    . . .     SeeInvis .   a - +0 falchion
rCold    + . .     Gourm    .   (no shield)
rNeg     . . .     Faith    .   b - +0 animal skin
rPois    .         Spirit   .   (no helmet)
rElec    .         Reflect  .   (no cloak)
rCorr    .         Harm     .   (no gloves)
MR       ++...                  (no boots)
Stlth    +.........             (no amulet)
Regen    1.2/turn               (no ring)
MPRegen  0.1/turn               (no ring)

@: lethally poisoned (-2 -> -5), about to teleport, berserk cooldown,
regenerating, slowed, very slow
A: hooves 2, large bone plates 1, cold resistance 1
a: Berserk, Trog's Hand, Burn Spellbooks, Renounce Religion


You were in a sewer.
You worshipped Trog.
Trog was most pleased with you.
You were very hungry.

You visited 1 branch of the dungeon, and saw 4 of its levels.
You also visited: Sewer.

You collected 57 gold pieces.

Inventory:

Hand Weapons
 a - a +0 falchion (weapon)
Armour
 b - a +0 animal skin (worn)
Jewellery
 n - a cursed ring of loudness {unknown}
Scrolls
 d - 6 scrolls of teleportation
 e - 2 scrolls of fear {unknown}
 h - a scroll of noise {unknown}
 i - 4 scrolls of identify
 j - 3 scrolls of recharging {unknown}
 l - 2 scrolls of remove curse {unknown}
 m - a scroll of magic mapping {unknown}
 o - 2 scrolls of immolation {unknown}
Potions
 f - 3 potions of might {unknown}
 g - 2 potions of brilliance
 p - a potion of haste
Comestibles
 c - 3 bread rations
 k - 2 meat rations


   Skills:
 - Level 3.0 Fighting
 + Level 7.7 Long Blades
 - Level 1.7 Armour
 - Level 1.7 Dodging


You had 6 spell levels left.
You didn't know any spells.

Dungeon Overview and Level Annotations

Branches:
Dungeon (4/15)
 Temple: D:4-7

Altars:
Sif Muna
Uskayaw
Zin


Innate Abilities, Weirdness & Mutations

You have hoof-like feet.
You are partially covered in large bone plates. (SH +4)
Your flesh is cold resistant. (rC+)


Message History

You feel a strong urge to attack something.
You feel sick. The adder barely misses you.
You riposte.
You miss the adder. The bullfrog hits you!
* * * LOW HITPOINT WARNING * * *
The adder bites you.
* * * LOW HITPOINT WARNING * * *
You are more poisoned.
The adder poisons you!
You are no longer berserk.
You are exhausted.
You feel yourself slow down.
You feel sick. The ball python closely misses you.
The ball python barely misses you.
As you read the scroll labeled WURUEJ DEWA, it crumbles to dust.
You feel strangely unstable.
It was a scroll of teleportation.
You feel sick. The adder bites you.
* * * LOW HITPOINT WARNING * * *
You are more poisoned.
The adder poisons you! The adder completely misses you.
The ball python closely misses you. x2; The adder bites you.
You die...

##################
≈≈≈≈≈≈≈≈≈≈≈≈≈≈≈#.###
≈≈≈≈≈≈..≈≈≈≈≈≈≈S...##
≈≈≈≈≈≈≈≈#≈≈≈≈†≈SS...#
≈≈≈≈≈≈≈≈≈≈≈≈≈≈FS@...#
≈≈≈≈≈≈≈≈≈≈≈≈≈≈≈SS...##
≈≈≈≈≈≈≈≈≈≈≈≈≈≈≈......#
#################....#
####...## #..#....#
#..'....# #####...#
##...##


You could see a bullfrog, 3 adders and 3 ball pythons.

Vanquished Creatures
  The ghost of keglanek the Cudgeler, an amateur DrBe of Trog (Sewer)
  An orc priest (D:3)
  An orc wizard (D:3)
  Terence (D:2)
  11 adders
  6 river rats
  3 oozes
  3 worms
  2 dart slugs (D:1)
  2 leopard geckos
  11 orcs (D:3)
  9 ball pythons
  10 bats
  A giant cockroach (D:4)
  12 hobgoblins
  8 jackals
  11 kobolds
  7 frilled lizards
  5 goblins
  46 rats
151 creatures vanquished.

Notes
Turn   | Place    | Note
-------+----------+-------------------------------------------
     0 | D:1      | vineage the Demonspawn Berserker began the quest for the Orb.
     0 | D:1      | Reached XP level 1. HP: 18/18 MP: 1/1
    14 | D:1      | Reached skill level 3 in Long Blades
    30 | D:1      | Gained mutation: Your flesh is cold resistant. (rC+) [demonic ancestry]
    30 | D:1      | Reached XP level 2. HP: 14/24 MP: 2/2
   422 | D:1      | Reached ** piety under Trog
   465 | D:1      | Gained mutation: You have large cloven feet. [demonic ancestry]
   465 | D:1      | Reached XP level 3. HP: 10/29 MP: 3/3
   814 | D:1      | Reached skill level 4 in Long Blades
  1436 | D:2      | Reached XP level 4. HP: 26/35 MP: 4/4
  1577 | D:2      | Noticed Terence
  1587 | D:2      | Killed Terence
  1809 | D:2      | Reached skill level 5 in Long Blades
  2027 | D:2      | Found a hide-covered altar of Uskayaw.
  2362 | D:3      | Gained mutation: You are partially covered in large bone plates. (SH +4) [demonic ancestry]
  2362 | D:3      | Reached XP level 5. HP: 40/41 MP: 5/5
  2477 | D:3      | Reached *** piety under Trog
  2544 | D:3      | Found a glowing silver altar of Zin.
  2801 | D:3      | Reached skill level 6 in Long Blades
  3449 | D:3      | Found a deep blue altar of Sif Muna.
  3506 | D:3      | Reached XP level 6. HP: 47/47 MP: 6/6
  3612 | D:4      | Found a glowing drain.
  3722 | Sewer    | Entered a sewer
  4023 | Sewer    | Noticed keglanek's ghost (amateur DrBe)
  4043 | Sewer    | Killed keglanek's ghost
  4043 | Sewer    | Reached skill level 7 in Long Blades
  4043 | Sewer    | Gained mutation: You have hoof-like feet. [demonic ancestry]
  4043 | Sewer    | Reached XP level 7. HP: 52/52 MP: 7/7
  4446 | Sewer    | HP: 3/78 [bullfrog (8)]
  4448 | Sewer    | HP: 1/52 [adder (1)]
  4448 | Sewer    | Slain by an adder

Skill      XL: |  1  2  3  4  5  6 |
---------------+-------------------+-----
Long Blades    | 3 4 5 6 7 |  7.7
Fighting       | |  3.0
Armour         | |  1.7
Dodging        | |  1.7

Action                   |  1- 3 |  4- 6 |  7- 9 || total
-------------------------+-------+-------+-------++-------
Melee: Falchion          |   121 |   247 |    51 ||   419
       Kick              |    16 |    60 |    11 ||    87
Invok: Berserk           |     3 |     5 |     2 ||    10
       Trog's Hand       |     2 |     6 |     2 ||    10
  Use: Scroll            |       |     2 |     1 ||     3
       Potion            |       |     1 |       ||     1
 Stab: Distracted        |       |     1 |       ||     1
  Eat: Chunk             |     3 |    14 |     5 ||    22
       Fruit             |     1 |     1 |       ||     2
Armor: Animal skin       |    23 |    25 |    12 ||    60
Dodge: Dodged            |    87 |   147 |    71 ||   305
Block: Other             |       |    36 |    22 ||    58
       Rpst.: Falchion   |    31 |    59 |    22 ||   112
